| TOP OF THE 1ST |
|
Greeneville Astros batting - Pitching for Texas (APP) Rangers : LHP Ken Berger
|
|
Pitching: LHP Ken Berger
|
|
|
Batting: RHB Omar Amaya
|
0-0: Called Strike 0-1: DOUBLE (Line Drive, 7LM, EV 113.8 MPH)
|
|
Batting: RHB Chris Miller
|
0-0: Ball 1-0: Ball 2-0: Foul Ball, location: 2F 2-1: Ball 3-1: Base on Balls
|
|
Batting: LHB Mark Dearth
|
0-0: Called Strike 0-1: Ball 1-1: Ball 2-1: Foul Ball, location: 2F 2-2: Foul Ball, location: 2F 2-2: Strikes out swinging
|
|
Batting: RHB Yoshitoshi Mori
|
0-0: Called Strike Omar Amaya steals 3rd base (no throw) 0-1: Called Strike 0-2: Strikes out looking
|
|
Batting: LHB Daigo Ishii
|
0-0: Called Strike 0-1: Ball 1-1: Ball 2-1: Called Strike 2-2: Ball 3-2: Strikes out swinging
|
| Top of the 1st over - 0 runs, 1 hit, 0 errors, 2 left on base; Greeneville 0 - Texas (APP) 0 |
| BOTTOM OF THE 1ST |
|
Texas (APP) Rangers batting - Pitching for Greeneville Astros : RHP James Browning
|
|
Pitching: RHP James Browning
|
|
|
Batting: LHB Walter Vegter
|
0-0: Fly out, F8 (Flyball, 8RD, EV 91.2 MPH)
|
|
Batting: SHB Tim Rogers
|
0-0: Ball 1-0: Foul Ball, location: 2F 1-1: Foul Ball, location: 2F 1-2: Ground out U3 (Groundball, 3, EV 103.1 MPH)
|
|
Batting: LHB Tomoya Hashimoto
|
0-0: Ball 1-0: Ball 2-0: Called Strike 2-1: SOLO HOME RUN (Line Drive, 78XD, EV 113.8 MPH), Distance : 428 ft
|
|
Batting: RHB Bryan Wheeler
|
0-0: Ball 1-0: SOLO HOME RUN (Flyball, 7D, EV 96.9 MPH), Distance : 379 ft
|
|
Batting: RHB Rafael Tapia
|
0-0: Ball 1-0: Ball 2-0: Called Strike 2-1: Ground out 5-3 (Groundball, 56S, EV 83.8 MPH)
|
| Bottom of the 1st over - 2 runs, 2 hits, 0 errors, 0 left on base; Greeneville 0 - Texas (APP) 2 |
| TOP OF THE 2ND |
|
Greeneville Astros batting - Pitching for Texas (APP) Rangers : LHP Ken Berger
|
|
Batting: RHB Erik Smith
|
0-0: Called Strike 0-1: Foul Ball, location: 2F 0-2: Strikes out swinging
|
|
Batting: RHB Gabe Allen
|
0-0: Called Strike 0-1: Ball 1-1: Ball 2-1: Called Strike 2-2: Strikes out looking
|
|
Batting: RHB Keith Goodwin
|
0-0: Called Strike 0-1: DOUBLE (Line Drive, 7LM, EV 105.0 MPH)
|
|
Batting: RHB Guo-ning Chen
|
0-0: Ball 1-0: Ball 2-0: Called Strike 2-1: Swinging Strike 2-2: Foul Ball, location: 2F 2-2: Strikes out swinging
|
| Top of the 2nd over - 0 runs, 1 hit, 0 errors, 1 left on base; Greeneville 0 - Texas (APP) 2 |
| BOTTOM OF THE 2ND |
|
Texas (APP) Rangers batting - Pitching for Greeneville Astros : RHP James Browning
|
|
Batting: RHB Luis Solorzano
|
0-0: Called Strike 0-1: SINGLE (Groundball, 4D, EV 109.4 MPH)
|
|
Batting: RHB Morgan Harding
|
0-0: Ball 1-0: Ball 2-0: Fielders Choice at 2nd, 4-6 (Groundball, 34, EV 88.8 MPH)
|
|
Batting: SHB Albert Ortiz
|
0-0: SINGLE (Line Drive, 6M, EV 97.5 MPH) Morgan Harding to second
|
|
Batting: RHB Ferdi Schipper
|
0-0: Ball 1-0: Ball 2-0: SINGLE (Groundball, 6MD, EV 96.2 MPH) Morgan Harding to third Albert Ortiz to second
|
|
Batting: LHB Walter Vegter
|
0-0: Called Strike 0-1: Ball 1-1: Foul Ball, location: 2F 1-2: Foul Ball, location: 2F 1-2: Ball Wild Pitch! Morgan Harding scores Albert Ortiz to third Ferdi Schipper to second 2-2: Foul Ball, location: 2F 2-2: Ground out 4-3 (Groundball, 4, EV 87.5 MPH) Albert Ortiz scores Ferdi Schipper to third
|
|
Batting: SHB Tim Rogers
|
0-0: Ground out 6-3 (Groundball, 6M, EV 100.0 MPH)
|
| Bottom of the 2nd over - 2 runs, 3 hits, 0 errors, 1 left on base; Greeneville 0 - Texas (APP) 4 |
| TOP OF THE 3RD |
|
Greeneville Astros batting - Pitching for Texas (APP) Rangers : LHP Ken Berger
|
|
Batting: RHB Omar Amaya
|
0-0: Fly out, F8 (Line Drive, 8LD, EV 90.6 MPH)
|
|
Batting: RHB Chris Miller
|
0-0: Ball 1-0: Foul Ball, location: 2F 1-1: Ball 2-1: Foul Ball, location: 2F 2-2: SINGLE (Groundball, 4MD, EV 102.5 MPH)
|
|
Batting: LHB Mark Dearth
|
0-0: Ball 1-0: Swinging Strike 1-1: Called Strike 1-2: Ball 2-2: Strikes out swinging
|
|
Batting: RHB Yoshitoshi Mori
|
0-0: Called Strike 0-1: Foul Ball, location: 2F 0-2: Ball 1-2: Strikes out swinging
|
| Top of the 3rd over - 0 runs, 1 hit, 0 errors, 1 left on base; Greeneville 0 - Texas (APP) 4 |
| BOTTOM OF THE 3RD |
|
Texas (APP) Rangers batting - Pitching for Greeneville Astros : RHP James Browning
|
|
Batting: LHB Tomoya Hashimoto
|
0-0: Swinging Strike 0-1: Ground out 4-3 (Groundball, 4, EV 82.5 MPH)
|
|
Batting: RHB Bryan Wheeler
|
0-0: Ground out 6-3 (Groundball, 6, EV 78.1 MPH)
|
|
Batting: RHB Rafael Tapia
|
0-0: Called Strike 0-1: Ball 1-1: Fly out, F6 (Line Drive, 6M, EV 77.5 MPH)
|
| Bottom of the 3rd over - 0 runs, 0 hits, 0 errors, 0 left on base; Greeneville 0 - Texas (APP) 4 |
| TOP OF THE 4TH |
|
Greeneville Astros batting - Pitching for Texas (APP) Rangers : LHP Ken Berger
|
|
Batting: LHB Daigo Ishii
|
0-0: Foul Ball, location: 2F 0-1: Foul Ball, location: 2F 0-2: Ball 1-2: Foul Ball, location: 2F 1-2: DOUBLE (Line Drive, 78XD, EV 103.8 MPH)
|
|
Batting: RHB Erik Smith
|
0-0: Ball 1-0: Ball 2-0: Swinging Strike 2-1: Swinging Strike 2-2: Foul Ball, location: 2F 2-2: Strikes out swinging
|
|
Batting: RHB Gabe Allen
|
0-0: Called Strike 0-1: Ball 1-1: SINGLE (Groundball, 6MD, EV 99.4 MPH) Daigo Ishii to third Runner from 3rd tries for Home, SAFE, throw by CF to home Gabe Allen to second
|
|
Batting: RHB Keith Goodwin
|
0-0: Foul Ball, location: 2F 0-1: Called Strike 0-2: Ball 1-2: Ball 2-2: Strikes out swinging
|
|
Batting: RHB Guo-ning Chen
|
0-0: Called Strike 0-1: Foul Ball, location: 2F 0-2: Ground out U3 (Groundball, 3, EV 108.1 MPH)
|
| Top of the 4th over - 1 run, 2 hits, 0 errors, 1 left on base; Greeneville 1 - Texas (APP) 4 |
| BOTTOM OF THE 4TH |
|
Texas (APP) Rangers batting - Pitching for Greeneville Astros : RHP James Browning
|
|
Batting: RHB Luis Solorzano
|
0-0: Ball 1-0: Called Strike 1-1: SINGLE (Groundball, 25, EV 75.6 MPH) (infield hit)
|
|
Batting: RHB Morgan Harding
|
Pickoff Throw to First - Out! 1-3 0-0: Foul Ball, location: 2F 0-1: SINGLE (Line Drive, 4D, EV 98.8 MPH)
|
|
Batting: SHB Albert Ortiz
|
0-0: Ball 1-0: Ball 2-0: Ball 3-0: Called Strike 3-1: Base on Balls Morgan Harding to second
|
|
Batting: RHB Ferdi Schipper
|
0-0: Ball 1-0: Ball 2-0: Called Strike 2-1: Ball 3-1: Base on Balls Morgan Harding to third Albert Ortiz to second
|
|
Batting: LHB Walter Vegter
|
0-0: Ball 1-0: Swinging Strike 1-1: Foul Ball, location: 2F 1-2: Ball 2-2: DOUBLE (Flyball, 78XD, EV 115.6 MPH) Morgan Harding scores Albert Ortiz scores Ferdi Schipper to third Runner from 3rd tries for Home, SAFE, throw by CF to home
|
|
Pitching: RHP Russ Greer
|
|
|
Batting: SHB Tim Rogers
|
0-0: Ball 1-0: Ground out 3-1 (Groundball, 34S, EV 61.9 MPH) Walter Vegter to third
|
|
Batting: LHB Tomoya Hashimoto
|
0-0: Ball 1-0: Swinging Strike 1-1: Foul Ball, location: 2F 1-2: Foul Ball, location: 2F 1-2: Foul Ball, location: 2F 1-2: Ball 2-2: Ground out 4-3 (Groundball, 4, EV 89.4 MPH)
|
| Bottom of the 4th over - 3 runs, 3 hits, 0 errors, 1 left on base; Greeneville 1 - Texas (APP) 7 |
| TOP OF THE 5TH |
|
Greeneville Astros batting - Pitching for Texas (APP) Rangers : LHP Ken Berger
|
|
Batting: RHB Omar Amaya
|
0-0: Foul Ball, location: 2F 0-1: Ball 1-1: Ball 2-1: Foul Ball, location: 2F 2-2: Foul Ball, location: 2F 2-2: Fly out, F8 (Flyball, 8RD, EV 86.2 MPH)
|
|
Batting: RHB Chris Miller
|
0-0: Ball 1-0: Foul Ball, location: 2F 1-1: Ball 2-1: Foul Ball, location: 2F 2-2: Ball 3-2: Foul Ball, location: 2F 3-2: SINGLE (Line Drive, 89M, EV 102.5 MPH)
|
|
Batting: LHB Mark Dearth
|
0-0: Swinging Strike 0-1: Fly out, F8 (Line Drive, 89D, EV 91.9 MPH)
|
|
Batting: RHB Yoshitoshi Mori
|
0-0: Ball 1-0: Foul Ball, location: 2F 1-1: Swinging Strike 1-2: Ball 2-2: SINGLE (Groundball, 56D, EV 110.0 MPH) Chris Miller to second
|
|
Batting: LHB Daigo Ishii
|
0-0: Ball 1-0: Ball 2-0: Ball 3-0: Called Strike 3-1: Swinging Strike 3-2: Foul Ball, location: 2F 3-2: Strikes out swinging
|
| Top of the 5th over - 0 runs, 2 hits, 0 errors, 2 left on base; Greeneville 1 - Texas (APP) 7 |
| BOTTOM OF THE 5TH |
|
Texas (APP) Rangers batting - Pitching for Greeneville Astros : RHP Russ Greer
|
|
Batting: RHB Bryan Wheeler
|
0-0: Foul Ball, location: 2F 0-1: Ball 1-1: Ball 2-1: Ball 3-1: Foul Ball, location: 2F 3-2: Base on Balls
|
|
Batting: RHB Rafael Tapia
|
0-0: Ball 1-0: Ball 2-0: Foul Ball, location: 2F 2-1: Called Strike 2-2: DOUBLE (Line Drive, 89M, EV 100.0 MPH) Bryan Wheeler to third
|
|
Batting: RHB Luis Solorzano
|
0-0: Foul Ball, location: 2F 0-1: Foul Ball, location: 2F 0-2: Foul Ball, location: 2F 0-2: Ball 1-2: SINGLE (Line Drive, 9S, EV 96.9 MPH) Bryan Wheeler scores Rafael Tapia to third
|
|
Batting: RHB Morgan Harding
|
0-0: Grounds into double play, 6-4-3 (Groundball, 6, EV 83.8 MPH) Rafael Tapia scores
|
|
Batting: SHB Albert Ortiz
|
0-0: Called Strike 0-1: Foul Ball, location: 2F 0-2: Foul Ball, location: 2F 0-2: Strikes out swinging
|
| Bottom of the 5th over - 2 runs, 2 hits, 0 errors, 0 left on base; Greeneville 1 - Texas (APP) 9 |
| TOP OF THE 6TH |
|
Greeneville Astros batting - Pitching for Texas (APP) Rangers : LHP Ken Berger
|
|
Pitching: RHP Brad Sanchez
|
|
|
Batting: RHB Erik Smith
|
0-0: DOUBLE (Line Drive, 5D, EV 103.1 MPH)
|
|
Batting: RHB Gabe Allen
|
0-0: Ball 1-0: Foul Ball, location: 2F 1-1: Fly out, F8 (Flyball, 8RM, EV 91.9 MPH)
|
|
Batting: RHB Keith Goodwin
|
0-0: Swinging Strike 0-1: Ball 1-1: Called Strike 1-2: Ball 2-2: Foul Ball, location: 2F 2-2: Strikes out swinging
|
|
Batting: RHB Guo-ning Chen
|
0-0: Ball 1-0: Foul Ball, location: 2F 1-1: Foul Ball, location: 2F 1-2: Ball 2-2: Ground out 6-3 (Groundball, 6, EV 90.0 MPH)
|
| Top of the 6th over - 0 runs, 1 hit, 0 errors, 1 left on base; Greeneville 1 - Texas (APP) 9 |
| BOTTOM OF THE 6TH |
|
Texas (APP) Rangers batting - Pitching for Greeneville Astros : RHP Russ Greer
|
|
Batting: RHB Ferdi Schipper
|
0-0: Foul Ball, location: 2F 0-1: Ball 1-1: Ball 2-1: Swinging Strike 2-2: Ground out U3 (Groundball, 3, EV 81.9 MPH)
|
|
Batting: LHB Walter Vegter
|
0-0: Ball 1-0: Ball 2-0: Called Strike 2-1: Ball 3-1: Base on Balls
|
|
Batting: SHB Tim Rogers
|
0-0: Fielders Choice at 2nd, 3-6 (Groundball, 3, EV 90.0 MPH)
|
|
Batting: LHB Tomoya Hashimoto
|
0-0: Called Strike 0-1: Ball 1-1: Ball 2-1: Ball 3-1: Base on Balls Tim Rogers to second
|
|
Batting: RHB Bryan Wheeler
|
0-0: Called Strike 0-1: Ball 1-1: Swinging Strike 1-2: Strikes out swinging
|
| Bottom of the 6th over - 0 runs, 0 hits, 0 errors, 2 left on base; Greeneville 1 - Texas (APP) 9 |
| TOP OF THE 7TH |
|
Greeneville Astros batting - Pitching for Texas (APP) Rangers : RHP Brad Sanchez
|
|
Batting: RHB Omar Amaya
|
0-0: Fly out, F8 (Flyball, 8RD, EV 101.2 MPH)
|
|
Batting: RHB Chris Miller
|
0-0: Ball 1-0: Foul Ball, location: 2F 1-1: Ball 2-1: Swinging Strike 2-2: Strikes out looking
|
|
Batting: LHB Mark Dearth
|
0-0: Ball 1-0: Ball 2-0: Ball 3-0: Called Strike 3-1: Base on Balls
|
|
Batting: RHB Yoshitoshi Mori
|
0-0: Called Strike 0-1: Swinging Strike 0-2: Foul Ball, location: 2F 0-2: Ball 1-2: Ball 2-2: Ball 3-2: Foul Ball, location: 2F 3-2: Foul Ball, location: 2F 3-2: Strikes out swinging
|
| Top of the 7th over - 0 runs, 0 hits, 0 errors, 1 left on base; Greeneville 1 - Texas (APP) 9 |
| BOTTOM OF THE 7TH |
|
Texas (APP) Rangers batting - Pitching for Greeneville Astros : RHP Russ Greer
|
|
Batting: RHB Rafael Tapia
|
0-0: Called Strike 0-1: SINGLE (Groundball, 5S, EV 65.6 MPH) (infield hit)
|
|
Pitching: RHP Jon Davis
|
|
|
Batting: RHB Luis Solorzano
|
0-0: SINGLE (Groundball, 15S, EV 71.2 MPH) (infield hit) Rafael Tapia to second
|
|
Batting: RHB Morgan Harding
|
0-0: Called Strike 0-1: Called Strike 0-2: Ball 1-2: Ball 2-2: Ball 3-2: Foul Ball, location: 2F 3-2: Grounds into double play, 4-6-3 (Groundball, 4, EV 83.1 MPH) Rafael Tapia to third
|
|
Batting: SHB Albert Ortiz
|
0-0: Ball 1-0: Ground out 6-3 (Groundball, 6, EV 84.4 MPH)
|
| Bottom of the 7th over - 0 runs, 2 hits, 0 errors, 1 left on base; Greeneville 1 - Texas (APP) 9 |
| TOP OF THE 8TH |
|
Greeneville Astros batting - Pitching for Texas (APP) Rangers : RHP Brad Sanchez
|
|
Batting: LHB Daigo Ishii
|
0-0: Ball 1-0: Foul Ball, location: 2F 1-1: Fly out, F7 (Line Drive, 7D, EV 96.2 MPH)
|
|
Batting: RHB Erik Smith
|
0-0: Swinging Strike 0-1: Ball 1-1: Called Strike 1-2: Foul Ball, location: 2F 1-2: SOLO HOME RUN (Flyball, 78XD, EV 93.1 MPH) (Inside the Park)
|
|
Pitching: LHP Pat Mena
|
|
|
Batting: RHB Gabe Allen
|
0-0: Foul Ball, location: 2F 0-1: Swinging Strike 0-2: Ball 1-2: Foul Ball, location: 2F 1-2: Foul Ball, location: 2F 1-2: Strikes out swinging
|
|
Batting: RHB Keith Goodwin
|
0-0: Called Strike 0-1: Called Strike 0-2: Ball 1-2: Ball 2-2: Strikes out swinging
|
| Top of the 8th over - 1 run, 1 hit, 0 errors, 0 left on base; Greeneville 2 - Texas (APP) 9 |
| BOTTOM OF THE 8TH |
|
Texas (APP) Rangers batting - Pitching for Greeneville Astros : RHP Jon Davis
|
|
Batting: RHB Ferdi Schipper
|
0-0: SOLO HOME RUN (Flyball, 7D, EV 99.4 MPH), Distance : 378 ft
|
|
Batting: LHB Walter Vegter
|
0-0: Ball 1-0: Ball 2-0: Ball 3-0: Called Strike 3-1: Ground out 4-3 (Groundball, 4, EV 84.4 MPH)
|
|
Batting: SHB Tim Rogers
|
0-0: Ball 1-0: Foul Ball, location: 2F 1-1: Foul Ball, location: 2F 1-2: DOUBLE (Flyball, 89D, EV 90.0 MPH)
|
|
Pinch Hitting: RHB Sebastian Fisk
|
0-0: Called Strike 0-1: Swinging Strike 0-2: Ball 1-2: Ball 2-2: Ball 3-2: Base on Balls
|
|
Batting: RHB Bryan Wheeler
|
0-0: Fly out, F7 (Flyball, 7, EV 93.8 MPH)
|
|
Batting: RHB Rafael Tapia
|
0-0: Fielders Choice at 2nd, U6 (Groundball, 6M, EV 85.6 MPH)
|
| Bottom of the 8th over - 1 run, 2 hits, 0 errors, 2 left on base; Greeneville 2 - Texas (APP) 10 |
| TOP OF THE 9TH |
|
Greeneville Astros batting - Pitching for Texas (APP) Rangers : LHP Pat Mena
|
|
Now in LF: Sebastian Fisk
|
|
|
Now in RF: Bryan Wheeler
|
|
|
Batting: RHB Guo-ning Chen
|
0-0: Called Strike 0-1: Swinging Strike 0-2: Ball 1-2: Ball 2-2: Strikes out swinging
|
|
Batting: RHB Omar Amaya
|
0-0: Ball 1-0: Ball 2-0: Called Strike 2-1: Called Strike 2-2: Ball 3-2: Strikes out swinging
|
|
Pitching: RHP Javy Arias
|
|
|
Batting: RHB Chris Miller
|
0-0: Called Strike 0-1: Foul Ball, location: 2F 0-2: Ball 1-2: Ground out 3-1 (Groundball, 34, EV 88.1 MPH)
|
| Top of the 9th over - 0 runs, 0 hits, 0 errors, 0 left on base; Greeneville 2 - Texas (APP) 10 |
|